 Dungeon Crawl Stone Soup version 0.31.0-11-ge490571c62 (webtiles) character file.

Game seed: 14311952426324380047

1507 Sobieck the Poker (level 8, -6/61 (64) HPs)
             Began as a Gnoll Reaver on Jan 31, 2024.
             Was a Priest of Vehumet.
             Mangled by a gargoyle
             ... wielding a +0 flail
              (13 damage)
             ... on level 6 of the Dungeon.
             The game lasted 00:12:52 (7446 turns).

Sobieck the Poker (Gnoll Reaver)                    Turns: 7446, Time: 00:12:52

HP:   -6/61 (64)    AC:  5    Str: 12    XL:     8   Next: 82%
MP:   14/17         EV: 11    Int: 14    God:    Vehumet [***...]
Gold: 295           SH:  4    Dex: 11    Spells: 17/19 levels left

rFire   . . .        o - +0 dagger (elec)
rCold   . . .        C - +0 buckler
rNeg    . . .        m - +0 ring mail
rPois   .            (no helmet)
rElec   .            (no cloak)
rCorr   .            (no gloves)
SInv    .            (no boots)
Will    .....        (no amulet)
Stlth   ++           (no ring)
HPRegen 0.30/turn    (no ring)
MPRegen 0.15/turn

%: no passive effects
@: lightly drained
A: fangs 1, strong nose, distributed training
a: Renounce Religion


You were on level 6 of the Dungeon.
You worshipped Vehumet.
Vehumet was most pleased with you.
You visited 1 branch of the dungeon, and saw 7 of its levels.

You collected 295 gold pieces.

Inventory:

Hand Weapons
 a - a +0 spear
 o - a +0 dagger of electrocution (weapon)
 F - a +2 dagger of venom
Missiles
 j - 40 stones
 t - 9 boomerangs
 J - 3 atropa-tipped darts
 Z - 2 throwing nets
Armour
 b - a +0 leather armour
 m - a +0 ring mail (worn)
 C - a +0 buckler (worn)
Magical Staves
 E - a staff of alchemy
Jewellery
 y - a ring of fire
 B - an amulet of reflection
Scrolls
 d - a scroll of summoning {unknown}
 i - a scroll of enchant weapon {unknown}
 k - 2 scrolls of teleportation {unknown}
 n - 4 scrolls of noise {unknown}
 q - a scroll of amnesia {unknown}
 r - a scroll of immolation {unknown}
 s - a scroll of blinking {unknown}
 u - 2 scrolls of enchant armour {unknown}
 v - 3 scrolls of revelation {unknown}
 w - a scroll of vulnerability {unknown}
 A - 2 scrolls of fear {unknown}
 R - 7 scrolls of identify
Potions
 c - 2 potions of lignification
 e - a potion of heal wounds {unknown}
 f - 2 potions of attraction {unknown}
 g - 6 potions of curing {unknown}
 l - a potion of berserk rage {unknown}
 p - a potion of resistance {unknown}
 x - 2 potions of haste {unknown}
 z - a potion of degeneration {unknown}
 D - 2 potions of brilliance {unknown}


   Skills:
 + Level 6.0 Fighting
 + Level 3.7 Short Blades
 + Level 3.7 Long Blades
 + Level 3.7 Axes
 + Level 3.7 Maces & Flails
 + Level 7.6 Polearms
 + Level 3.7 Staves
 + Level 3.7 Ranged Weapons
 + Level 3.7 Throwing
 + Level 3.7 Armour
 + Level 6.0 Dodging
 + Level 3.7 Stealth
 + Level 3.7 Shields
 + Level 3.7 Unarmed Combat
 + Level 6.3 Spellcasting
 + Level 6.3 Conjurations
 + Level 3.1 Hexes
 + Level 3.1 Summonings
 + Level 3.1 Necromancy
 + Level 3.1 Translocations
 + Level 3.1 Fire Magic
 + Level 3.1 Ice Magic
 + Level 3.1 Air Magic
 + Level 3.1 Earth Magic
 + Level 3.1 Alchemy
 + Level 4.1 Invocations
 + Level 3.7 Evocations
 + Level 3.4 Shapeshifting


You had 17 spell levels left.
You knew the following spells:

 Your Spells              Type           Power      Damage    Failure   Level
a - Kiss of Death         Conj/Necr      68%        2d10      1%          1
b - Foxfire               Conj/Fire      68%        2x1d7     1%          1

Your spell library contained the following spells:

 Spells                   Type           Power      Damage    Failure   Level
 Airstrike                Air            6%         2d(1-17)  30%         4
 Magic Dart               Conj           88%        1d7       1%          1
 Searing Ray              Conj           44%        2d6       1%          2
 Momentum Strike          Conj/Tloc      34%        3d8       2%          2
 Freeze                   Ice            52%        1d6       3%          1
 Scorch                   Fire           26%        2d6       5%          2
 Hailstorm                Conj/Ice       17%        3d6       5%          3
 Frozen Ramparts          Ice            26%        1d4       11%         3
 Flame Wave               Conj/Fire      17%        2d7       17%         4
 Fulminant Prism          Conj/Alch      8%         3d7       17%         4
 Blink                    Tloc           26%        N/A       19%         2
 Lesser Beckoning         Tloc           26%        N/A       19%         2
 Fugue of the Fallen      Necr           13%        N/A       36%         3
 Ozocubu's Armour         Ice            13%        N/A       36%         3
 Leda's Liquefaction      Alch/Erth      6%         N/A       77%         4
 Manifold Assault         Tloc           13%        N/A       77%         4
 Petrify                  Alch/Erth      13%        N/A       77%         4
 Metabolic Englaciation   Hex/Ice        6%         N/A       98%         5
 Summon Cactus Giant      Summ           6%         N/A       100%        6


Dungeon Overview and Level Annotations

Branches:
Dungeon (7/15)             Temple (0/1) D:7

Altars:
Cheibriados
Elyvilon
Gozag
Hepliaklqana
Vehumet
Yredelemnul
Zin

Shops:
D:2 [[

Annotations:
D:5 2 runed translucent doors
D:6 2 transporters, ShellytheWitch's ghost, novice KoBr


Innate Abilities, Weirdness & Mutations

You have very sharp teeth.
Your uncanny sense of smell can sniff out nearby items.
Your experience applies equally to all skills.


Message History

The howler monkey is moderately wounded.
The foxfire hits the howler monkey.
The howler monkey is heavily wounded.
You conjure some foxfire!
The foxfire hits the howler monkey.
The howler monkey is heavily wounded.
The foxfire hits the howler monkey.
The howler monkey is heavily wounded.
The foxfire hits the howler monkey.
The howler monkey is severely wounded.
You conjure some foxfire!
The foxfire hits the howler monkey.
You kill the howler monkey!
Vehumet accepts your kill.
You feel your power returning.
An orc comes into view. It is wielding a +0 flail.
You conjure some foxfire!
The foxfire hits the gargoyle but does no damage. x2
The gargoyle hurls a stone arrow at you.
The stone arrow hits you!!
* * * LOW HITPOINT WARNING * * *
You conjure some foxfire!
The foxfire hits the gargoyle.
The gargoyle is lightly damaged.
The foxfire hits the orc.
The orc is severely wounded.
The foxfire hits the gargoyle but does no damage.
The gargoyle is lightly damaged.
The foxfire hits the orc.
You kill the orc!
Vehumet accepts your kill.
You feel your power returning.
You climb upwards.
Level annotation: 2 transporters, ShellytheWitch's ghost, novice KoBr
There is a stone staircase leading down here.
Unknown command.
Unknown command.
You hit the gargoyle but do no damage.
The gargoyle is lightly damaged.
The gargoyle hits you with a +0 flail!!
* * * LOW HITPOINT WARNING * * *
You hit the gargoyle but do no damage.
The gargoyle is lightly damaged.
You hit the gargoyle but do no damage.
The gargoyle is lightly damaged.
The gargoyle hits you with a +0 flail!
* * * LOW HITPOINT WARNING * * *
Unknown command.
As you read the scroll labelled SOATRE JEMEDEPP, it crumbles to dust.
It is a scroll of identify.
c - 2 potions of lignification;
R - 7 scrolls of identify The gargoyle hits you with a +0 flail!
You die...

#.##.≈≈.....#######.# #####.#####
'..#.~~.............###.....#....
##.≈≈.............#....####.###
#.#8.≈≈.............#....# #.# #
..###≈≈.............#....####.###
#...#≈≈.###.........###.)........
#g#.#≈≈.# #.........# ###.#.#.###
#####≈≈.# ######9...# #.#.#.#
≈≈≈≈≈≈≈.# #@.### #.#.#.#
≈≈≈≈≈≈≈.# #.## #.#.#.# ........#
#)# #.#.#.# .##.##### #.# #.#.#.#
....# #.# #.#.#.# ##### ####'###
#.#.#.# ### #......# #.#.#.# ..#
#......# #.#.#.### ..#
#......######.#.....#


You could see a gargoyle.

Vanquished Creatures
  An ice beast (D:5)
  A centaur (D:6)
  A phantom (D:6)
  Blork the orc (D:5)
  A bullfrog (D:7)
  2 water moccasin zombies (D:6)
  3 wights
  2 howler monkeys
  A hound (D:4)
  3 jellies
  2 bombardier beetles (D:5)
  2 orc priests
  A gnoll bouda (D:5)
  4 iguanas
  5 orc wizards
  4 gnolls
  10 adders
  A shadow imp (D:7)
  2 ufetubi (D:5)
  5 dart slugs
  A ribbon worm (D:4)
  18 orcs
  5 endoplasms
  2 giant cockroaches
  11 goblins
  7 hobgoblins
  14 jackals
  4 quokkas
  7 ball pythons
  4 bats
  A frilled lizard (D:3)
  10 kobolds
  6 rats
142 creatures vanquished.

Vanquished Creatures (collateral kills)
  9 foxfires (D:5)
9 creatures vanquished.

Vanquished Creatures (others)
  An ufetubus (D:7)
  183 foxfires
184 creatures vanquished.

Grand Total: 335 creatures vanquished

Notes
Turn   | Place    | Note
-------+----------+-------------------------------------------
     0 | D:1      | Sobieck the Gnoll Reaver began the quest for the Orb.
     0 | D:1      | Reached XP level 1. HP: 20/20 MP: 6/6
   158 | D:1      | Reached XP level 2. HP: 26/26 MP: 7/7
   699 | D:1      | Reached XP level 3. HP: 23/31 MP: 7/9
  1086 | D:2      | Reached skill level 1 in Invocations
  1121 | D:2      | Reached skill level 1 in Short Blades
  1121 | D:2      | Reached skill level 1 in Long Blades
  1121 | D:2      | Reached skill level 1 in Axes
  1121 | D:2      | Reached skill level 1 in Maces & Flails
  1121 | D:2      | Reached skill level 1 in Staves
  1121 | D:2      | Reached skill level 1 in Ranged Weapons
  1121 | D:2      | Reached skill level 1 in Throwing
  1121 | D:2      | Reached skill level 1 in Armour
  1121 | D:2      | Reached skill level 1 in Stealth
  1121 | D:2      | Reached skill level 1 in Shields
  1121 | D:2      | Reached skill level 1 in Unarmed Combat
  1121 | D:2      | Reached skill level 1 in Evocations
  1182 | D:2      | Found Rogul's Antique Armour Emporium.
  1283 | D:2      | Reached skill level 1 in Shapeshifting
  1283 | D:2      | Reached XP level 4. HP: 36/38 MP: 11/11
  1407 | D:2      | Found a faded altar of an unknown god.
  1440 | D:2      | Prayed at the altar of an unknown god.
  1440 | D:2      | Became a worshipper of Vehumet
  1440 | D:2      | Reached * piety under Vehumet
  1440 | D:2      | Offered knowledge of Foxfire by Vehumet.
  1535 | D:2      | Reached skill level 1 in Hexes
  1535 | D:2      | Reached skill level 1 in Summonings
  1535 | D:2      | Reached skill level 1 in Necromancy
  1535 | D:2      | Reached skill level 1 in Translocations
  1535 | D:2      | Reached skill level 1 in Fire Magic
  1535 | D:2      | Reached skill level 1 in Ice Magic
  1535 | D:2      | Reached skill level 1 in Air Magic
  1535 | D:2      | Reached skill level 1 in Earth Magic
  1535 | D:2      | Reached skill level 1 in Alchemy
  1600 | D:2      | Found Kehung's Armour Shoppe.
  1795 | D:3      | Learned a level 1 spell: Foxfire
  1882 | D:3      | Offered knowledge of Sting by Vehumet.
  1900 | D:3      | Reached ** piety under Vehumet
  1906 | D:3      | Reached XP level 5. HP: 36/43 MP: 12/12
  2603 | D:4      | Reached XP level 6. HP: 17/50 MP: 14/14
  2866 | D:4      | Found a snail-covered altar of Cheibriados.
  3145 | D:4      | Found a hazy altar of Hepliaklqana.
  3239 | D:4      | Offered knowledge of Mercury Vapours by Vehumet.
  3845 | D:5      | Entered Level 5 of the Dungeon
  3845 | D:5      | Noticed Blork the orc
  3845 | D:5      | Found a glowing silver altar of Zin.
  3861 | D:5      | Killed Blork the orc
  3997 | D:5      | Found a radiant altar of Vehumet.
  4118 | D:5      | Found a white marble altar of Elyvilon.
  4528 | D:5      | Reached skill level 7 in Polearms
  4528 | D:5      | Reached XP level 7. HP: 48/56 MP: 15/15
  4585 | D:5      | Found a runed translucent door.
  4587 | D:5      | Found a runed translucent door.
  5464 | D:6      | Found an opulent altar of Gozag.
  5472 | D:6      | Reached *** piety under Vehumet
  5476 | D:6      | Reached skill level 3 in Invocations
  5654 | D:6      | Reached skill level 6 in Conjurations
  5810 | D:6      | Found a transporter.
  5820 | D:6      | Noticed ShellytheWitch's ghost (novice KoBr)
  5966 | D:6      | Reached skill level 3 in Short Blades
  5966 | D:6      | Reached skill level 3 in Long Blades
  5966 | D:6      | Reached skill level 3 in Axes
  5966 | D:6      | Reached skill level 3 in Maces & Flails
  5966 | D:6      | Reached skill level 3 in Staves
  5966 | D:6      | Reached skill level 3 in Ranged Weapons
  5966 | D:6      | Reached skill level 3 in Throwing
  5966 | D:6      | Reached skill level 3 in Armour
  5966 | D:6      | Reached skill level 3 in Stealth
  5966 | D:6      | Reached skill level 3 in Shields
  5966 | D:6      | Reached skill level 3 in Unarmed Combat
  5966 | D:6      | Reached skill level 3 in Evocations
  5966 | D:6      | Reached XP level 8. HP: 39/63 MP: 16/16
  6048 | D:6      | Found a basalt altar of Yredelemnul.
  6098 | D:6      | Found a transporter.
  6157 | D:6      | Reached skill level 6 in Spellcasting
  6258 | D:6      | Reached skill level 3 in Shapeshifting
  6441 | D:6      | Offered knowledge of Airstrike by Vehumet.
  7059 | D:7      | Found a staircase to the Ecumenical Temple.
  7303 | D:7      | Reached skill level 3 in Hexes
  7303 | D:7      | Reached skill level 3 in Summonings
  7303 | D:7      | Reached skill level 3 in Necromancy
  7303 | D:7      | Reached skill level 3 in Translocations
  7303 | D:7      | Reached skill level 3 in Fire Magic
  7303 | D:7      | Reached skill level 3 in Ice Magic
  7303 | D:7      | Reached skill level 3 in Air Magic
  7303 | D:7      | Reached skill level 3 in Earth Magic
  7303 | D:7      | Reached skill level 3 in Alchemy
  7329 | D:6      | Reached skill level 6 in Fighting
  7329 | D:6      | Reached skill level 6 in Dodging
  7434 | D:7      | Noticed a gargoyle
  7446 | D:6      | Mangled by a gargoyle

Illustrated notes

Levels and vault maps discovered:
D:1:      lightli_arrival_lavapool, layout_loops_corners, kennysheep_boxes
D:2:      layout_basic, chequers_ecumenical_altar_grove, serial_shops, shop,
          nicolae_shop_real_fake_doors
D:3:      layout_rooms
D:4:      layout_basic, kennysheep_slug_shrine, nzn_hepliaklqana_mist_gate,
          kennysheep_generic_room_12
D:5:      lemuel_insect_pit, layout_loops_corners, overflow_temple_1_default,
          mainiacjoe_overflow_catch_the_wave, uniq_blork_the_orc
D:6:      layout_basic, grunt_gozag_breadcrumbs,
          lemuel_zombie_altar_yredelemnul, gammafunk_ghost_gnarly_gnolls,
          hangedman_abyss_or_decor_passed, item_on_display_a
D:7:      layout_rooms, nicolae_ru_great_annihilating_truth, marbit_many_paths,
          lemuel_round_altar, nicolae_qazlal_general_emergency,
          minmay_temple_entry_wispy, lemuel_flamethrower_2

Skill      XL: |  1  2  3  4  5  6  7  8 |
---------------+-------------------------+-----
Spellcasting   | 5 6 |  6.3
Invocations    | 1 2 3 4 |  4.1
Short Blades   | 1 2 3 |  3.7
Long Blades    | 1 2 3 |  3.7
Axes           | 1 2 3 |  3.7
Maces & Flails | 1 2 3 |  3.7
Staves         | 1 2 3 |  3.7
Ranged Weapons | 1 2 3 |  3.7
Throwing       | 1 2 3 |  3.7
Armour         | 1 2 3 |  3.7
Stealth        | 1 2 3 |  3.7
Shields        | 1 2 3 |  3.7
Unarmed Combat | 1 2 3 |  3.7
Evocations     | 1 2 3 |  3.7
Shapeshifting  | 1 2 3 |  3.4
Hexes          | 1 2 3 |  3.1
Summonings     | 1 2 3 |  3.1
Necromancy     | 1 2 3 |  3.1
Translocations | 1 2 3 |  3.1
Fire Magic     | 1 2 3 |  3.1
Ice Magic      | 1 2 3 |  3.1
Air Magic      | 1 2 3 |  3.1
Earth Magic    | 1 2 3 |  3.1
Alchemy        | 1 2 3 |  3.1
Fighting       | 5 6 |  6.0
Dodging        | 5 6 |  6.0
Polearms       | 7 |  7.6
Conjurations   | 6 |  6.3

Action                     |  1- 3 |  4- 6 |  7- 9 || total
---------------------------+-------+-------+-------++-------
  Melee: Spear             |   111 |    25 |       ||   136
         Bite              |    10 |    23 |    28 ||    61
         Punch             |     3 |     5 |       ||     8
         Dagger            |       |   242 |   168 ||   410
  Throw: Stone             |       |     3 |       ||     3
   Cast: Foxfire           |       |    13 |    96 ||   109
         Kiss of Death     |       |     1 |     1 ||     2
    Use: Scroll            |       |       |     1 ||     1
 Armour: Leather armour    |    34 |       |       ||    34
         Ring mail         |       |   165 |    95 ||   260
  Dodge: Dodged            |    40 |   164 |    67 ||   271
  Block: Buckler           |       |       |    24 ||    24
